AoeStats
← 天空6

Arena

510988448Analyzed
4v4 RM · 7h ago on Oct 3, 2026· 45m 48s· 8 players
Game mode
Random Map
Map size
Large (8 player)
Population
200
Speed
Normal
Resources
Standard
Victory
Conquest
Starting age
Dark Age
Ending age
Imperial Age
RankedLock teamsTeams togetherTeam positionsShared explorationLock speedFull tech treeHidden civsTurbo modeCheats
Victory
Defeat
🇨🇴 Muisca · Colombia
1280
+15
🇦🇺 Britons · Australia
1254
+16
🇨🇳 Bulgarians · China
1233
+17
🇭🇰 Poles · Hong Kong SAR China
1221
+18
🇪🇸 Ethiopians · Spain
1297
-18
🇨🇳 Persians · China
1267
-17
🇩🇪 Poles · Germany
1252
-16
🇹🇷 Mongols · Türkiye
1212
-15
imkl
11:04 Feudal Age
12:37 Wheelbarrow
15:35 Castle Age
14:48 Double-Bit Axe
16:06 Horse Collar
16:52 Heavy Plow
20:02 Bow Saw
23:44 Stone Mining
23:45 Gold Mining
25:17 Stone Shaft Mining
25:47 Hand Cart
26:50 Forging
26:40 Scale Mail Armor
26:46 Scale Barding Armor
26:59 Loom
30:26 Imperial Age
28:38 Iron Casting
28:24 Chain Barding Armor
28:25 Fletching
29:14 Szlachta Privileges
28:32 Light Cavalry
29:22 Bloodlines
29:12 Husbandry
30:17 Bodkin Arrow
30:39 Cavalier
31:46 Conscription
33:13 Blast Furnace
32:14 Bracer
35:29 Crop Rotation
36:05 Elite Obuch
37:57 Chain Mail Armor
精锐磁暴步兵
10:31 Feudal Age
14:44 Castle Age
13:45 Double-Bit Axe
13:40 Horse Collar
18:36 Loom
21:07 Fervor
22:33 Wheelbarrow
22:25 Town Watch
24:29 Bow Saw
24:35 Heavy Plow
27:21 Hand Cart
27:06 Gold Mining
27:07 Stone Mining
30:03 Imperial Age
28:01 Scale Mail Armor
28:03 Squires
29:05 Gold Shaft Mining
29:06 Stone Shaft Mining
29:18 Chain Mail Armor
29:14 Forging
28:25 Pikeman
28:51 Gambesons
29:43 Ballistics
30:39 Iron Casting
29:51 Arson
30:07 Halberdier
31:18 Plate Mail Armor
31:48 Blast Furnace
31:21 Crop Rotation
31:53 Conscription
30:58 Capped Ram
33:09 Bagains
34:30 Light Cavalry
35:21 Bloodlines
35:11 Husbandry
35:03 Fletching
35:19 Scale Barding Armor
altrnate15
6:20 Loom
8:52 Feudal Age
9:22 Double-Bit Axe
10:34 Horse Collar
12:59 Fletching
16:38 Gold Mining
18:16 Wheelbarrow
21:42 Castle Age
22:40 Bow Saw
25:57 Imperial Age
24:32 Bodkin Arrow
24:51 Padded Archer Armor
26:56 Bracer
27:42 Ballistics
30:35 Chemistry
33:17 Yeomen
36:06 Heavy Plow
38:03 Leather Archer Armor
37:50 Stone Mining
41:08 Hand Cart
42:00 Ring Archer Armor
41:29 Town Watch
43:16 Two-Man Saw
42:40 Town Patrol
43:14 Guard Tower
43:10 Arrowslits
43:05 Treadmill Crane
43:21 Murder Holes
44:20 Scale Barding Armor
44:15 Scale Mail Armor
44:25 Forging
44:53 Keep
44:29 Fortified Wall
43:47 Spies/Treason
45:56 Masonry
45:52 Siege Engineers
46:30 Chain Mail Armor
46:35 Chain Barding Armor
46:09 Heated Shot
Manueska
9:59 Feudal Age
11:14 Wheelbarrow
13:05 Loom
16:31 Castle Age
15:01 Horse Collar
15:10 Double-Bit Axe
19:16 Hand Cart
22:38 Squires
24:04 Bow Saw
25:06 Forging
25:56 Fervor
25:58 Scale Mail Armor
30:58 Imperial Age
28:34 Gold Mining
29:03 Heavy Plow
30:32 Iron Casting
29:59 Stone Mining
31:20 Gold Shaft Mining
32:07 Conscription
32:33 Chain Mail Armor
32:09 Elite Temple Guard
32:56 Fletching
34:02 Plate Mail Armor
36:27 Two-Man Saw
35:31 Town Watch
37:23 Crop Rotation
37:32 Stone Shaft Mining
37:04 Siege Engineers
37:12 Masonry
36:45 Treadmill Crane
38:12 Ballistics
37:49 Bodkin Arrow
38:35 Town Patrol
39:09 Bracer
41:44 Devotion
42:26 Masonry
42:54 Hoardings
44:54 Chemistry
43:52 Spies/Treason
45:07 Siege Engineers
46:16 Padded Archer Armor
艾斯
10:55 Feudal Age
15:13 Castle Age
15:20 Double-Bit Axe
19:06 Horse Collar
21:29 Coinage
天空6
9:28 Loom
11:14 Feudal Age
13:32 Fletching
18:14 Double-Bit Axe
23:20 Castle Age
21:35 Gold Mining
21:32 Horse Collar
24:22 Bow Saw
24:13 Bodkin Arrow
27:21 Imperial Age
25:25 Padded Archer Armor
25:47 Ballistics
26:07 Gold Shaft Mining
26:22 Town Watch
26:21 Crossbowman
27:27 Heavy Plow
27:55 Leather Archer Armor
29:06 Chemistry
27:30 Arbalester
28:21 Thumb Ring
28:30 Elite Skirmisher
30:45 Bracer
AkNeyls
11:32 Feudal Age
12:32 Double-Bit Axe
12:30 Horse Collar
15:22 Castle Age
14:05 Stone Mining
17:11 Bow Saw
19:47 Stone Shaft Mining
19:39 Heavy Plow
20:54 Gold Mining
21:52 Loom
22:43 Wheelbarrow
26:08 Fletching
30:15 Imperial Age
28:35 Szlachta Privileges
28:39 Scale Barding Armor
28:45 Forging
28:31 Bodkin Arrow
30:14 Chain Barding Armor
30:11 Fortified Wall
30:20 Husbandry
30:31 Bloodlines
31:37 Iron Casting
30:29 Cavalier
31:32 Conscription
31:32 Light Cavalry
33:45 Chemistry
32:26 Treadmill Crane
ilia topuria
9:20 Feudal Age
17:13 Castle Age
16:44 Double-Bit Axe
16:41 Horse Collar
17:15 Town Watch
17:19 Loom
17:19 Town Watch
22:22 Fletching
23:53 Scale Barding Armor
32:12 Imperial Age
30:39 Bloodlines
31:13 Wheelbarrow
30:57 Husbandry
30:19 Light Cavalry
32:31 Hussar
33:38 Forging
35:45 Ballistics
38:44 Bodkin Arrow
39:10 Chain Barding Armor
38:21 Heavy Camel Rider
Connection lost

Rejoining the realm…

Still unreachable

The connection could not be restored.

Session expired

The server has moved on; the page needs a fresh start.